 Dungeon Crawl Stone Soup version 0.28-b1-25-g9875b3fc8c (webtiles) character file.

Game seed: 5063075054331226054

56 crazypyro the Skirmisher (level 3, -3/29 HPs)
             Began as a Demonspawn Fighter on Jan 31, 2022.
             Slain by a gnoll (7 damage)
             ... on level 2 of the Dungeon.
             The game lasted 00:01:55 (1899 turns).

crazypyro the Skirmisher (Demonspawn Fighter)       Turns: 1899, Time: 00:01:55

Health: -3/29      AC:  7    Str: 18    XL:     3   Next: 71%
Magic:  3/3        EV:  9    Int:  9    God:
Gold:   67         SH:  4    Dex: 12    Spells: 2/2 levels left

rFire   + . .      SeeInvis .     - Unarmed
rCold   . . .      Faith    .   b - +0 buckler
rNeg    . . .      Spirit   .   a - +0 scale mail
rPois   .          Reflect  .   (helmet restricted)
rElec   .          Harm     .   (no cloak)
rCorr   .          Rampage  .   h - +0 pair of gloves
Will    .....                   (no boots)
Stlth   ..........              (no amulet)
HPRegen 0.09/turn               e - ring of protection from fire
MPRegen 0.08/turn               (no ring)

@: no status effects
A: antennae 1, powered by pain 1
a: no special abilities


You were on level 2 of the Dungeon.
You visited 1 branch of the dungeon, and saw 2 of its levels.

You collected 67 gold pieces.

Inventory:

Armour
 a - a +0 scale mail (worn)
 b - a +0 buckler (worn)
 h - a +0 pair of gloves (worn)
Jewellery
 e - a ring of protection from fire (left hand)
Scrolls
 d - a scroll of immolation {unknown}
 i - a scroll of identify {unknown}
Potions
 c - a potion of might
 f - a potion of haste {unknown}
 g - 2 potions of heal wounds {unknown}


   Skills:
 + Level 3.4 Fighting
 + Level 3.1 Armour
 + Level 3.2 Shields
 + Level 2.3 Unarmed Combat


You had 2 spell levels left.
You didn't know any spells.
Your spell library contained the following spells:

 Spells                   Type           Power      Damage    Failure   Level
 Airstrike                Air            0%         N/A       100%        4
 Summon Lightning Spire   Summ/Air       0%         N/A       100%        4
 Lightning Bolt           Conj/Air       0%         1d11      100%        5


Dungeon Overview and Level Annotations

Branches:
Dungeon (2/15)

Altars:


Innate Abilities, Weirdness & Mutations

You have a pair of small antennae on your head.
You sometimes gain a little power by taking damage.


Message History

You hit the gnoll.
The gnoll is moderately wounded.
The gnoll hits you with a +0 spear. The gnoll closely misses you.
You hit the gnoll.
The gnoll is severely wounded.
The gnoll hits you with a +0 spear.
You hit the gnoll.
The gnoll is severely wounded.
The gnoll hits you with a +0 spear.
You closely miss the gnoll.
The gnoll is severely wounded.
The gnoll hits you but does no damage.
You closely miss the gnoll.
The gnoll is severely wounded.
The gnoll barely misses you. You block the gnoll's attack.
You hit the gnoll.
The gnoll is almost dead.
The gnoll closely misses you. The gnoll hits you with a +0 spear.
You hit the gnoll but do no damage.
The gnoll is almost dead.
You block the gnoll's attack. The gnoll hits you with a +0 spear.
* * * LOW HITPOINT WARNING * * *
You hit the gnoll.
You kill the gnoll!
The goblin shoots a stone.
The stone barely misses you. You block the gnoll's attack.
The goblin unwields a +0 hunting sling.
The goblin wields a +0 club.
The goblin hits you but does no damage.
A gnoll comes into view. It is wielding a +0 whip.
Things that are here:
a +0 spear; a gnoll corpse You barely miss the goblin.
The gnoll shouts!
The goblin hits you but does no damage. The gnoll barely misses you.
You barely miss the goblin. The goblin hits you but does no damage.
You block the gnoll's attack.
You closely miss the goblin. The goblin hits you with a +0 club.
* * * LOW HITPOINT WARNING * * *
The gnoll hits you with a +0 flail!
You die...

#..)......## .##..........####
#.... ...............# #....
#..........##.#### ###.... #
#................ ......
#.#..............# #....
#......##........# ...
###....).#.##...## # #.##
#......###.g@g...# #. #..#
#.#..#..######...###.######.#
##...###.... #..g............
####...##
###..........##.....g.
......## ##..##......##.##...g
#####.# #.................##.
#.# ####..# ..##..###.#####.
##.####.....######.........##.
####..#<.##...##.<#
#......##..#.


You could see 2 gnolls and a goblin.

Vanquished Creatures
  2 gnolls
  A dart slug (D:2)
  3 ball pythons
  5 endoplasms (D:1)
  2 giant cockroaches (D:1)
  6 hobgoblins
  4 kobolds (D:1)
  A quokka (D:1)
  2 bats (D:1)
  3 goblins
  3 rats
32 creatures vanquished.

Notes
Turn   | Place    | Note
-------+----------+-------------------------------------------
     0 | D:1      | crazypyro the Demonspawn Fighter began the quest for the
                  | Orb.
     0 | D:1      | Reached XP level 1. HP: 18/18 MP: 1/1
   359 | D:1      | Gained mutation: You sometimes gain a little power by
                  | taking damage. [demonic ancestry]
   359 | D:1      | Reached XP level 2. HP: 24/24 MP: 2/2
   381 | D:1      | HP: 1/24 [frozen (1)]
  1258 | D:1      | Gained mutation: You have a pair of small antennae on your
                  | head. [demonic ancestry]
  1258 | D:1      | Reached XP level 3. HP: 28/29 MP: 3/3
  1899 | D:2      | Slain by a gnoll

Illustrated notes

Levels and vault maps discovered:
D:1:      nzn_arrival_depleted_hourglass, layout_rooms
D:2:      layout_rooms, basic_altar, hangedman_decor_growths, grunt_ministairs_6

Skill      XL: |  1  2 |
---------------+-------+-----
Unarmed Combat | 2 |  2.3
Shields        | 3 |  3.2
Armour         | 3 |  3.1
Fighting       | |  3.4

Action                   || total
-------------------------++-------
Melee: Unarmed           ||   143
Armor: Scale mail        ||    58
Dodge: Dodged            ||    66
Block: Buckler           ||    31
